 Dungeon Crawl Stone Soup version 0.26.0-10-g1f06aea511 (webtiles) character file.

Game seed: 13062438300576344044

29801 gruber the Bludgeoner (level 13, -8/157 HPs)
             Began as a Minotaur Berserker on Feb 7, 2021.
             Was a High Priest of Trog.
             Killed from afar by a frost giant (32 damage)
             ... with a bolt of cold
             ... in an ice cave.
             The game lasted 00:17:08 (16017 turns).

gruber the Bludgeoner (Minotaur Berserker)         Turns: 16017, Time: 00:17:08

Health: -8/157     AC: 25    Str: 27    XL:     13   Next: 17%
Magic:  12/12      EV:  8    Int:  4    God:    Trog [*****.]
Gold:   1066       SH:  5    Dex: 10    Spells: 12/12 levels left

rFire    + . .     SeeInvis .   P - +4 demon whip (flame)
rCold    . . .     Faith    .   q - +0 buckler
rNeg     . . .     Spirit   .   M - +0 plate armour
rPois    .         Reflect  .   (helmet restricted)
rElec    .         Harm     .   R - +0 cloak
rCorr    .         Rampage  .   G - +2 pair of gloves
Will     .....                  z - +0 pair of boots
Stlth    ..........             K - amulet of magic regeneration
HPRegen  0.36/turn              F - ring of protection from fire
MPRegen  0.38/turn              g - +4 ring of protection

@: berserking, very quick
A: retaliatory headbutt, horns 2
a: Renounce Religion, Berserk, Trog's Hand, Brothers in Arms


You were in an ice cave.
You worshipped Trog.
Trog was extremely pleased with you.
You visited 2 branches of the dungeon, and saw 16 of its levels.
You also visited: Ice Cave.

You collected 1066 gold pieces.

Inventory:

Hand Weapons
 P - a +4 demon whip of flaming (weapon)
Missiles
 U - 7 curare-tipped darts
Armour
 q - a +0 buckler (worn)
 z - a +0 pair of boots (worn)
 G - a +2 pair of gloves (worn)
 M - a +0 plate armour (worn)
 R - a +0 cloak (worn)
Jewellery
 c - an uncursed ring of protection from fire
 g - a +4 ring of protection (right hand)
 r - a cursed ring of positive energy
 E - the ring of the Median {Fire rN+ Will+ Int-3 SInv}
   (You took it off an orc on level 12 of the Dungeon)

   [ring of fire]

   It enhances your fire magic.
   It affects your intelligence (-3).
   It protects you from fire.
   It makes you vulnerable to cold.
   It protects you from negative energy.
   It affects your willpower, your defense against some magical effects.
   It lets you see invisible.
 F - a ring of protection from fire (left hand)
 K - an amulet of magic regeneration (around neck)
Wands
 y - a wand of disintegration (13)
 A - a wand of acid (28)
 H - a wand of polymorph (9)
 J - a wand of iceblast (10)
 Q - a wand of enslavement (6)
 S - a wand of flame (16)
 T - a wand of paralysis (18)
Scrolls
 b - 3 scrolls of blinking {unknown}
 d - a scroll of immolation {unknown}
 f - 5 scrolls of fog {unknown}
 i - 3 scrolls of amnesia
 l - 2 scrolls of random uselessness
 m - a scroll of fear
 u - 6 scrolls of enchant armour
 w - 2 scrolls of magic mapping
 x - 6 scrolls of remove curse
 B - 2 scrolls of noise
 L - 3 scrolls of identify
 V - a scroll of teleportation
 W - a scroll of silence {unknown}
Potions
 a - 5 potions of invisibility
 e - 3 potions of cancellation
 h - 2 potions of lignification
 j - 11 potions of curing
 k - 3 potions of degeneration
 n - 3 potions of flight
 o - a potion of resistance
 p - a potion of mutation
 s - 3 potions of attraction {unknown}
 t - 2 potions of berserk rage
 v - a potion of might
 C - 2 potions of brilliance {unknown}
 D - 5 potions of heal wounds {unknown}
 I - a potion of haste {unknown}
 N - a potion of magic {unknown}
Miscellaneous
 O - a phantom mirror


   Skills:
 - Level 7.3 Fighting
 - Level 12.0(16.5) Axes
 * Level 18.6(19.6) Maces & Flails
 - Level 11.2 Armour
 - Level 2.1 Dodging
 - Level 5.0 Shields


You had 12 spell levels left.
You didn't know any spells.
Your spell library was empty.

Dungeon Overview and Level Annotations

Branches:
Dungeon (12/15)            Temple (0/1) D:5            Lair (4/6) D:11
  Swamp (0/4) Lair:2       Spider (0/4) Lair:3          Orc (0/2) D:12
  IceCv (1/1)

Altars:
Elyvilon
Fedhas
Gozag
Kikubaaqudgha
Okawaru
Qazlal
Trog
Wu Jian
Xom
Zin

Annotations:
D:10 exclusion: obsidian statue
D:11 2 transporters, Sassenached's ghost, legendary NaWn


Innate Abilities, Weirdness & Mutations

You reflexively headbutt those who attack you in melee.
You have a pair of horns on your head.


Message History

t - Shout!
Orders for allies: a - Attack new target. r - Retreat! s - Stop attacking. g - Guard the area. f - Follow me.
Anything else - Cancel.
Gang up on whom?
Press: ? - help, Dir - move target, f - frost giant
Aim: a frost giant, wielding a +0 battleaxe of freezing (heavily wounded) Attack!
Your ogre hits the frost giant with a +0 giant club!
The frost giant hits your ogre with a +0 battleaxe of freezing!!!
The frost giant freezes your ogre.
Your ogre dies!
Your ogre's corpse disappears in a puff of smoke!
Unknown command.
A red film seems to cover your vision as you go berserk!
You feel yourself moving faster!
You feel mighty! The frost giant casts a spell at you.
The bolt of cold hits you!!
You die...

######## ########
###......## ##..††..##
#..##.....####..###...##
≈######....#...###..⌠..#
≈≈# ####...### ##...##
≈≈≈≈≈##..####### #..###
≈≈≈≈##.#h####C.####..#
≈≈≈≈≈≈≈.#.#h☼##.#≈.###
≈≈≈≈≈#h##§h#####@###
≈≈≈≈##.§h### ###
≈≈###..### ≈≈##..##
##..# ##... #.h.. #.Y...


hCh.. You could see a frost giant.

Vanquished Creatures
  Fannar (D:11)
  A boulder beetle (D:12)
  2 hydras
  A two-headed ogre (D:10)
  Sonja (Lair:3)
  Urug (D:11)
  2 unseen horrors
  2 deep elf magi
  An ugly thing (D:9)
  2 black mambas
  A centaur skeleton (D:11)
  An ice statue (IceCv)
  4 cane toads
  3 rime drakes
  2 komodo dragons
  11 polar bears (IceCv)
  A wolf spider simulacrum (D:11)
  A tyrant leech (Lair:2)
  3 blink frogs (Lair:4)
  A wyvern (D:12)
  38 yaks
  A basilisk (Lair:1)
  A swamp worm (Lair:2)
  A soldier ant (D:12)
  2 water moccasins
  14 ice beasts
  4 orc warriors
  A sky beast (D:10)
  11 ogres
  3 phantoms
  22 wolves
  11 centaurs
  A big kobold (D:9)
  8 bullfrogs
  A water moccasin zombie (D:12)
  2 wyvern skeletons
  4 scorpions
  A water moccasin skeleton (D:12)
  6 killer bees (D:11)
  4 howler monkeys (D:11)
  An electric eel (D:11)
  2 centaur zombies
  4 bullfrog zombies
  6 hounds
  6 orc priests
  2 jellies
  17 orc wizards
  3 bullfrog skeletons
  Natasha (thrice) (D:3)
  4 iguanas
  11 worker ants
  2 hound skeletons
  7 gnolls
  13 adders
  A shadow imp (D:5)
  3 white imps (D:7)
  5 ufetubi
  An adder zombie (D:7)
  An adder skeleton (D:7)
  5 worms
  3 dart slugs
  7 leopard geckos
  39 orcs
  7 bats
  13 giant cockroaches
  4 goblins
  3 hobgoblins (D:2)
  14 jackals
  9 quokkas
  A ball python (D:1)
  A jackal skeleton (D:8)
  10 kobolds
  A quokka skeleton (D:5)
  A quokka zombie (D:5)
  9 rats
397 creatures vanquished.

Vanquished Creatures (collateral kills)
  Snorg (D:11)
  A death yak (IceCv)
  4 polar bears (IceCv)
6 creatures vanquished.

Vanquished Creatures (others)
  A yak (IceCv)
  An orc (D:5)
  4 fungi
  5 plants
  A withered plant (D:2)
12 creatures vanquished.

Grand Total: 415 creatures vanquished

Notes
Turn   | Place    | Note
-------+----------+-------------------------------------------
     0 | D:1      | gruber the Minotaur Berserker began the quest for the Orb.
     0 | D:1      | Reached XP level 1. HP: 19/19 MP: 0/0
   353 | D:1      | Reached XP level 2. HP: 26/26 MP: 1/1
   901 | D:2      | Found an ancient bone altar of Kikubaaqudgha.
  1018 | D:2      | Reached skill level 5 in Axes
  1018 | D:2      | Reached XP level 3. HP: 25/31 MP: 2/2
  1187 | D:2      | Reached ** piety under Trog
  1190 | D:2      | Reached XP level 4. HP: 19/39 MP: 3/3
  1665 | D:2      | Reached skill level 1 in Shields
  1909 | D:3      | Noticed Natasha
  1918 | D:3      | Killed Natasha
  2076 | D:3      | Reached XP level 5. HP: 26/45 MP: 4/4
  2177 | D:3      | Noticed Natasha
  2321 | D:3      | Killed Natasha
  2361 | D:3      | Noticed Natasha
  2382 | D:3      | Killed Natasha
  2620 | D:3      | Found an ornate altar of the Wu Jian Council.
  2759 | D:4      | Found a glowing silver altar of Zin.
  2842 | D:4      | Reached skill level 5 in Shields
  2981 | D:4      | Reached *** piety under Trog
  2985 | D:4      | Reached XP level 6. HP: 41/51 MP: 5/5
  3500 | D:5      | Entered Level 5 of the Dungeon
  3597 | D:5      | Reached skill level 5 in Armour
  3613 | D:5      | Reached XP level 7. HP: 42/57 MP: 6/6
  3948 | D:5      | Reached skill level 5 in Fighting
  4377 | D:5      | Reached XP level 8. HP: 58/71 MP: 7/7
  4611 | D:5      | Found a stormy altar of Qazlal.
  4619 | D:5      | Found a blossoming altar of Fedhas.
  4789 | D:5      | Found a staircase to the Ecumenical Temple.
  5108 | D:6      | Found a bloodstained altar of Trog.
  5184 | D:6      | Reached **** piety under Trog
  5762 | D:6      | Found an opulent altar of Gozag.
  5763 | D:6      | Found an iron altar of Okawaru.
  5975 | D:7      | Reached XP level 9. HP: 51/79 MP: 8/8
  6122 | D:7      | Reached skill level 10 in Axes
  6193 | D:7      | Found a shimmering altar of Xom.
  6824 | D:8      | Reached ***** piety under Trog
  6858 | D:8      | Found a white marble altar of Elyvilon.
  7351 | D:8      | Killed an unseen horror
  7487 | D:8      | Noticed a deep elf mage
  7496 | D:8      | Killed a deep elf mage
  7497 | D:8      | Reached skill level 10 in Armour
  7497 | D:8      | Reached XP level 10. HP: 84/86 MP: 9/9
  8381 | D:9      | Reached skill level 1 in Maces & Flails
  8385 | D:9      | Reached skill level 2 in Maces & Flails
  8401 | D:9      | Reached skill level 3 in Maces & Flails
  8418 | D:9      | Noticed a white ugly thing
  8437 | D:9      | Killed a white ugly thing
  8438 | D:9      | Reached skill level 4 in Maces & Flails
  8715 | D:9      | Reached skill level 5 in Maces & Flails
  9135 | D:9      | Reached skill level 6 in Maces & Flails
  9215 | D:10     | Entered Level 10 of the Dungeon
  9366 | D:10     | Noticed a two-headed ogre
  9367 | D:10     | Noticed an obsidian statue
  9384 | D:10     | Killed a two-headed ogre
  9385 | D:10     | Reached skill level 8 in Maces & Flails
  9723 | D:11     | Reached skill level 9 in Maces & Flails
  9814 | D:11     | Found a staircase to the Lair.
  9837 | D:11     | Reached XP level 11. HP: 92/92 MP: 10/10
  9913 | D:11     | Noticed Sassenached's ghost (legendary NaWn)
  9914 | D:11     | Found a transporter.
  9926 | D:11     | Found a transporter.
  9992 | D:11     | Received a gift from Trog
 10154 | D:11     | Noticed Fannar
 10192 | D:11     | Killed Fannar
 10193 | D:11     | Reached skill level 10 in Maces & Flails
 10470 | D:11     | Killed an unseen horror
 10495 | D:11     | Noticed Urug
 10506 | D:11     | Killed Urug
 10507 | D:11     | Reached skill level 11 in Maces & Flails
 10645 | D:11     | Noticed Snorg
 10661 | D:11     | Killed Snorg
 10662 | D:11     | Reached skill level 12 in Maces & Flails
 10967 | D:12     | Found a staircase to the Orcish Mines.
 11069 | D:12     | Identified the ring of the Median {Fire rN+ Will+ Int-3
                  | SInv}
 11232 | D:12     | Noticed a deep elf mage
 11237 | D:12     | Killed a deep elf mage
 11238 | D:12     | Reached skill level 13 in Maces & Flails
 11487 | D:12     | Noticed a boulder beetle
 11501 | D:12     | Killed a boulder beetle
 11814 | Lair:1   | Entered Level 1 of the Lair of Beasts
 12622 | Lair:2   | Reached skill level 14 in Maces & Flails
 12627 | Lair:2   | Noticed an eight-headed hydra
 12639 | Lair:2   | Killed an eight-headed hydra
 12640 | Lair:2   | Reached XP level 12. HP: 83/100 MP: 11/11
 12855 | Lair:2   | Reached skill level 15 in Maces & Flails
 13184 | Lair:2   | Found a staircase to the Swamp.
 13853 | Lair:3   | Noticed Sonja
 13879 | Lair:3   | Received a gift from Trog
 13883 | Lair:3   | Killed Sonja
 13884 | Lair:3   | Reached skill level 16 in Maces & Flails
 13886 | Lair:3   | Found a hole to the Spider Nest.
 14418 | Lair:4   | Noticed an eight-headed hydra
 14431 | Lair:4   | Killed an eight-headed hydra
 14755 | Lair:4   | Reached skill level 17 in Maces & Flails
 14966 | Lair:4   | Found a frozen archway.
 15004 | IceCv    | Entered an ice cave
 15690 | IceCv    | Reached skill level 18 in Maces & Flails
 15696 | IceCv    | Reached XP level 13. HP: 105/105 MP: 12/12
 15978 | IceCv    | Noticed a frost giant
 16017 | IceCv    | Killed from afar by a frost giant

Illustrated notes

Levels and vault maps discovered:
D:1:      onia_arrival_mini_maze, layout_basic, minmay_tall_x
D:2:      layout_loops_cross, kiku_gazebo_garden_becter, minmay_misc_feat_alley,
          minmay_fractal_squares_5
D:3:      layout_basic, pdpol_wu_jian_five_deadly_venoms, uniq_natasha
D:4:      layout_gridville, overflow_temple_1_default
D:5:      minmay_chambers_of_threes, layout_loops_ring,
          grunt_temple_overflow_forces_of_nature, minmay_temple_entry_fiery
D:6:      layout_cave_pools, gammafunk_temple_overflow_statue,
          nicolae_overflow_crystal_walls
D:7:      layout_rooms, old_standard_altar, roderic_roman_lattice
D:8:      minmay_blocky_corners, layout_basic, elyvilon_altar_5
D:9:      layout_cave_pools
D:10:     layout_rooms, minivault_16
D:11:     layout_roguey, lair_entry_dummy, gammafunk_ghost_berserking_beasts,
          water_boxes_lemuel, uniq_fannar, uniq_snorg, uniq_urug
D:12:     layout_small_grid, orc_0_dummy, minmay_misc_feat_pillars
Lair:1:   layout_gridlike, serial_bayou_shore_a
Lair:2:   layout_roguey, minmay_swamp_entry_worms, infiniplex_staircase_pool_2
Lair:3:   layout_cave_pods, nicolae_spider_entry_non_spiders, uniq_sonja
Lair:4:   layout_roguey, gammafunk_ghost_arena, portal_ice_cave_entry_ice_beasts
IceCv:    ice_cave_caverns_02

Skill      XL: |  1  2  3  4  5  6  7  8  9 10 11 12 |
---------------+-------------------------------------+-----
Axes           | 4 5 6 9 12 | 12.0
Shields        | 3 5 |  5.0
Armour         | 3 5 7 10 11 | 11.2
Fighting       | 6 7 |  7.3
Maces & Flails | 9 14 18 | 18.6
Dodging        | |  2.1

Action                   |  1- 3 |  4- 6 |  7- 9 | 10-12 | 13-15 || total
-------------------------+-------+-------+-------+-------+-------++-------
Melee: Hand axe          |    53 |    95 |   120 |       |       ||   268
       Headbutt          |    12 |    26 |    59 |   139 |    18 ||   254
       War axe           |       |    30 |   167 |       |       ||   197
       Demon whip        |       |       |       |   656 |    69 ||   725
Invok: Berserk           |     1 |     2 |     1 |     7 |     1 ||    12
       Brothers in Arms  |       |       |       |     1 |     4 ||     5
       Trog's Hand       |       |       |       |     1 |       ||     1
  Use: Scroll            |       |       |       |    21 |       ||    21
 Stab: Sleeping          |       |     1 |       |       |       ||     1
Armor: Animal skin       |     9 |     8 |       |       |       ||    17
       Ring mail         |       |    19 |    69 |       |       ||    88
       Plate armour      |       |       |    30 |   257 |    36 ||   323
Dodge: Dodged            |    33 |    49 |   133 |   143 |    13 ||   371
Block: Buckler           |       |    18 |    52 |   117 |    11 ||   198
